 Dungeon Crawl Stone Soup version 0.28-a0-674-gdaf460b524 (webtiles) character file.

Game seed: 14910772302631593541

9 siradein the Insei (level 2, -2/21 HPs)
             Began as a Demonspawn Transmuter on Oct 18, 2021.
             Succumbed to a kobold's poison
             ... on level 1 of the Dungeon.
             The game lasted 00:01:08 (257 turns).

siradein the Insei (Demonspawn Transmuter)           Turns: 257, Time: 00:01:09

Health: -2/21      AC:  2    Str: 10    XL:     2   Next: 3%
Magic:  4/5        EV: 12    Int: 14    God:
Gold:   9          SH:  0    Dex: 13    Spells: 4/5 levels left

rFire   . . .      SeeInvis .     - Unarmed
rCold   . . .      Faith    .   (no shield)
rNeg    . . .      Spirit   .   a - +0 robe
rPois   .          Reflect  .   (helmet currently unavailable)
rElec   .          Harm     .   (no cloak)
rCorr   .          Rampage  .   (no gloves)
Will    .....                   (boots currently unavailable)
Stlth   +.........              (no amulet)
HPRegen 0.07/turn               (no ring)
MPRegen 0.09/turn               (no ring)

@: lethally poisoned (-2 -> -15), appendages
A: horns 2, talons 2, claws 1
a: End Transformation


You were on level 1 of the Dungeon.
You had temporarily grown beastly horns and talons.
You visited 1 branch of the dungeon, and saw 1 of its levels.

You collected 9 gold pieces.

Inventory:

Armour
 a - a +0 robe (worn)


   Skills:
 + Level 1.2 Fighting
 + Level 1.9 Dodging
 + Level 2.8 Unarmed Combat
 + Level 2.1 Spellcasting
 + Level 1.9 Transmutations


You had 4 spell levels left.
You knew the following spells:

 Your Spells              Type           Power      Damage    Failure   Level
a - Beastly Appendage     Tmut           14%        N/A       11%         1

Your spell library contained the following spells:

 Spells                   Type           Power      Damage    Failure   Level
 Wereblood                Tmut           7%         N/A       16%         2
 Spider Form              Tmut/Pois      2%         N/A       43%         3
 Ice Form                 Ice/Tmut       4%         N/A       83%         4


Dungeon Overview and Level Annotations

Branches:
Dungeon (1/15)

Altars:


Innate Abilities, Weirdness & Mutations

You have temporarily grown beastly horns and talons.
You have sharp fingernails.


Message History

The hobgoblin is heavily wounded.
The hobgoblin hits you but does no damage.
You hit the hobgoblin. Your kick misses the hobgoblin.
The hobgoblin is almost dead.
The hobgoblin hits you.
You closely miss the hobgoblin. You claw the hobgoblin.
You kill the hobgoblin!
You hit the rat.
You kill the rat!
You hit the frilled lizard.
Your headbutt misses the frilled lizard.
The frilled lizard is heavily wounded.
The frilled lizard closely misses you.
You hit the frilled lizard.
You kill the frilled lizard!
Your horns disappear.
Your talons disappear.
You have reached level 2!
Your demonic ancestry asserts itself...
Your fingernails lengthen.
The kobold hits you with a +1 dagger of venom.
You are poisoned.
Casting: Beastly Appendage (safe; 11% risk of failure)
Press: ? - help, Q - select action Dir - look around, f - activate You grow a pair of large bovine horns.
Your feet morph into talons.
You feel sick. The kobold closely misses you.
You are too injured to fight recklessly!
You are too injured to fight recklessly!
You are too injured to fight recklessly!
You scratch the kobold but do no damage.
Your headbutt misses the kobold.
You feel sick.
The kobold hits you with a +1 dagger of venom.
* * * LOW HITPOINT WARNING * * *
You are lethally poisoned!
You scratch the kobold.
You kill the kobold!
* * * LOW HITPOINT WARNING * * *
You feel very sick.
You aren't carrying any potions.
There is a lethal amount of poison in your body!
You die...

⌠.#.# ..#.## # #.
......... ###..# #.#.#
#K.. .... ##.# #.#.#..
#........ #.###>#..#.##
#.. .l... ####..##.# )...#
#........ ....#..#.#
#..###.#...... ....##.#.#
#..[##.......$
....##...#####..@#........
.................)........
#...........##............
####..................>...
#........####..........
########## ##..#......
..###..#.. ..## ..... ###
#..


There were no monsters in sight!

Vanquished Creatures
  A dart slug (D:1)
  An endoplasm (D:1)
  A hobgoblin (D:1)
  A ball python (D:1)
  2 frilled lizards (D:1)
  A kobold (D:1)
  A rat (D:1)
8 creatures vanquished.

Notes
Turn   | Place    | Note
-------+----------+-------------------------------------------
     0 | D:1      | siradein the Demonspawn Transmuter began the quest for the
                  | Orb.
     0 | D:1      | Reached XP level 1. HP: 15/15 MP: 3/3
   252 | D:1      | Gained mutation: You have sharp fingernails. [demonic
                  | ancestry]
   252 | D:1      | Reached XP level 2. HP: 13/21 MP: 5/5
   256 | D:1      | HP: 1/21 [poisoned by a kobold]
   257 | D:1      | Succumbed to a kobold's poison

Illustrated notes

Levels and vault maps discovered:
D:1:      scummos_arrival_simple_fountains, layout_rooms,
          hellmonk_ecumenical_altar_inner_sanctum,
          chequers_serial_rivers_large_a

Action                   || total
-------------------------++-------
Melee: Unarmed           ||    19
       Kick              ||     3
 Cast: Beastly Appendage ||     4
Armor: Robe              ||     6
Dodge: Dodged            ||     9

Table legend: (Time is in decaauts)
 A = Elapsed time spent in this place.
 B = Non-inter-level travel time spent in this place.
 C = Inter-level travel time spent in this place.
 D = Time resting spent in this place.
 E = Time spent auto-exploring this place.
 F = Levels seen in this place.
 G = Mean time per level.
                   A        B        C        D        E       F      G
               +--------+--------+--------+--------+--------+-----+--------+
         Total |    256 |    256 |      0 |      0 |    202 |   1 |  256.0 |
       Dungeon |    256 |    256 |      0 |      0 |    202 |   1 |  256.0 |
               +--------+--------+--------+--------+--------+-----+--------+

Top non-repeatable levels by time:
     D:1: 256 daAuts
